 Dungeon Crawl Stone Soup version 0.30-a0-719-gcc4359ea44 (webtiles) character file.

Game seed: 5032746733280168716

574 browni3141 the Trooper (level 7, -1/54 HPs)
             Began as a Mummy Cinder Acolyte on Jan 26, 2023.
             Was a High Priest of Ignis.
             Splashed by a jelly's acid (6 damage)
             ... on level 5 of the Dungeon.
             The game lasted 00:05:55 (4013 turns).

browni3141 the Trooper (Mummy Cinder Acolyte)       Turns: 4013, Time: 00:05:56

Health: -1/54      AC:  1    Str: 19    XL:     7   Next: 12%
Magic:  9/9        EV: 10    Int: 20    God:    Ignis [*****.]
Gold:   187        SH:  0    Dex:  7    Spells: 6/8 levels left

rFire   + . .      SeeInvis .    w - +0 trident
rCold   + . .      Faith    +    (no shield)
rNeg    + + +      Spirit   .    g - +0 scale mail
rPois   ∞          Reflect  .    s - +0 helmet
rElec   .          Harm     .    (no cloak)
rCorr   .          Rampage  .    t - +0 pair of gloves
Will    .....                    n - +0 pair of boots Stlth
                                 k - amulet of the acrobat
HPRegen 0.29/turn                q - ring of protection from fire
MPRegen 0.11/turn                u - +6 ring of intelligence

@: corroded
A: cold resistance 1, negative energy resistance 3, torment resistance 2, heat
vulnerability 1, in touch with death 1, no potions, faith
a: Renounce Religion, Fiery Armour, Foxfire Swarm, Rising Flame


You were on level 5 of the Dungeon.
You worshipped Ignis.
Ignis was extremely pleased with you.
You visited 1 branch of the dungeon, and saw 5 of its levels.

You collected 187 gold pieces.

Inventory:

Hand Weapons
 a - a -1 spear of flaming
 o - a +0 spear
 w - a +0 trident (weapon)
 x - a +1 antimagic halberd
Missiles
 j - 5 silver boomerangs
 m - 6 poisoned darts (quivered)
Armour
 b - a +0 robe
 g - a +0 scale mail (worn)
 n - a +0 pair of boots (worn)
 s - a +0 helmet (worn)
 t - a +0 pair of gloves (worn)
Jewellery
 k - an amulet of the acrobat (around neck)
 q - a ring of protection from fire (left hand)
 u - a +6 ring of intelligence (right hand)
Wands
 v - a wand of flame (14)
 y - a wand of polymorph (3)
Scrolls
 c - 2 scrolls of butterflies {unknown}
 d - 3 scrolls of poison {unknown}
 e - a scroll of vulnerability {unknown}
 f - a scroll of noise {unknown}
 h - a scroll of teleportation {unknown}
 i - 4 scrolls of identify {unknown}
 l - 2 scrolls of enchant weapon {unknown}
 p - a scroll of blinking {unknown}
 r - a scroll of enchant armour {unknown}


   Skills:
 + Level 4.2 Fighting
 * Level 4.2 Polearms
 + Level 1.0 Throwing
 * Level 2.3 Armour
 + Level 2.0 Dodging
 + Level 2.3 Stealth
 - Level 1.3 Spellcasting
 - Level 2.4 Fire Magic
 + Level 0.9 Evocations


You had 6 spell levels left.
You knew the following spells:

 Your Spells              Type           Power      Damage    Failure   Level
a - Scorch                Fire           22%        2d6       28%         2

Your spell library contained the following spells:

 Spells                   Type           Power      Damage    Failure   Level
 Sting                    Tmut/Pois      4%         1d3       45%         1
 Blink                    Tloc           2%         N/A       58%         2
 Poisonous Vapours        Pois/Air       2%         N/A       58%         2
 Manifold Assault         Tloc           1%         N/A       99%         4
 Olgreb's Toxic Radiance  Pois           1%         N/A       99%         4
 Storm Form               Tmut/Air       Unusable   N/A       N/A         7

Dungeon Overview and Level Annotations

Branches:
Dungeon (5/15)
 Temple: D:4-7

Altars:
Kikubaaqudgha
Nemelex Xobeh
Qazlal
Sif Muna
Wu Jian
Yredelemnul

Shops:
D:3 :


Innate Abilities, Weirdness & Mutations

You are immune to poison.
Your flesh is cold resistant. (rC+)
You are immune to negative energy. (rN+++)
You are immune to unholy pain and torment.
You are vulnerable to heat. (rF-)
You are in touch with the powers of death.
You do not drink.
You have a special connection with the divine. (Faith)


Message History

You completely miss the iguana.
The iguana is heavily wounded.
The iguana bites you.
You completely miss the iguana.
The iguana is heavily wounded.
The iguana bites you but does no damage.
You hit the iguana.
The iguana is severely wounded.
The iguana misses you.
You barely miss the iguana.
The iguana is severely wounded.
The iguana closely misses you. The jelly hits you.
You are splashed with acid!
You closely miss the iguana.
The iguana is severely wounded.
The jelly closely misses you. The iguana closely misses you.
You puncture the iguana!
You kill the iguana!
The jelly hits you. The acid corrodes you!
You are splashed with acid!
The jelly hits you.
You are splashed with acid!
You are too injured to fight recklessly!
You are too injured to fight recklessly!
You are too injured to fight recklessly!
You are too injured to fight recklessly!
The jelly attacks as you move away! The jelly hits you. The acid corrodes you!
You are splashed with acid!
* * * LOW HITPOINT WARNING * * *
Aiming: Throw Flame
Press: ? - help, Shift-Dir - straight line, f - jelly
Aim: a jelly (100% to hit)
The puff of flame hits the jelly!
The jelly is heavily wounded.
The jelly is engulfed in a cloud of scalding steam.
The jelly hits you.
* * * LOW HITPOINT WARNING * * *
You are splashed with acid!
* * * LOW HITPOINT WARNING * * *
The jelly attacks as you move away! The jelly hits you.
* * * LOW HITPOINT WARNING * * *
You are splashed with acid.
You die...

### ######.#
.......# ######.#
####### #.#
###.....##
#.########...~.~..#
#.......[..@.~~~..#
###....####J.~~...#.
###### #.+........
###....#.#. #†...#.#
#....# # #....#
#....# ......


You could see a jelly.

Vanquished Creatures
  A scorpion (D:4)
  A hound (D:4)
  An orc priest (D:4)
  A gnoll bouda (D:3)
  Jessica (D:2)
  2 iguanas
  3 orc wizards
  7 adders
  10 gnolls
  2 worms
  A dart slug (D:2)
  5 orcs
  9 endoplasms
  9 giant cockroaches
  5 goblins
  9 hobgoblins
  9 jackals
  2 quokkas
  8 ball pythons
  4 bats
  8 frilled lizards
  11 kobolds
  4 rats
113 creatures vanquished.

Notes
Turn   | Place    | Note
-------+----------+-------------------------------------------
     0 | D:1      | browni3141 the Mummy Cinder Acolyte began the quest for the
                  | Orb.
     0 | D:1      | Reached XP level 1. HP: 18/18 MP: 2/2
   276 | D:1      | Reached XP level 2. HP: 24/24 MP: 4/4
   402 | D:1      | Learned a level 2 spell: Scorch
   540 | D:1      | Gained mutation: You are in touch with the powers of death.
                  | [Mummy growth]
   540 | D:1      | Reached XP level 3. HP: 28/29 MP: 5/5
  1187 | D:2      | Reached skill level 1 in Stealth
  1205 | D:2      | Reached skill level 1 in Armour
  1205 | D:2      | Reached skill level 1 in Dodging
  1205 | D:2      | Reached XP level 4. HP: 35/35 MP: 6/6
  1474 | D:2      | Noticed Jessica
  1479 | D:2      | Killed Jessica
  1578 | D:2      | Reached XP level 5. HP: 41/41 MP: 7/7
  1735 | D:2      | Found a sparkling altar of Nemelex Xobeh.
  2081 | D:3      | Found a basalt altar of Yredelemnul.
  2082 | D:3      | Found an ornate altar of the Wu Jian Council.
  2083 | D:3      | Found a shimmering blue altar of Sif Muna.
  2084 | D:3      | Found an ancient bone altar of Kikubaaqudgha.
  2241 | D:3      | Found Daeggaig's Vocational Training.
  2603 | D:3      | Reached XP level 6. HP: 31/48 MP: 8/8
  3218 | D:4      | Reached XP level 7. HP: 35/54 MP: 9/9
  3616 | D:4      | Found a stormy altar of Qazlal.
  3824 | D:5      | Entered Level 5 of the Dungeon
  3830 | D:5      | Reached skill level 1 in Throwing
  4013 | D:5      | Splashed by a jelly's acid

Illustrated notes

Levels and vault maps discovered:
D:1:      dpeg_arrival_castle, layout_loops_ring
D:2:      layout_basic, basic_altar, minmay_misc_feat_enclosed,
          minmay_fractal_squares_gapless_5, uniq_jessica
D:3:      layout_rooms, mainiacjoe_overflow_alcove_3, nicolae_shop_vocational
D:4:      layout_rooms, nicolae_qazlal_general_emergency, zin_treasury
D:5:      layout_basic, minmay_temple_entry_waves, serial_rivers,
          chequers_serial_rivers_room_a, chequers_serial_rivers_small_a,
          chequers_serial_rivers_large_a, chequers_serial_rivers_small_b,
          chequers_serial_rivers_micro_c, chequers_serial_rivers_small_3,
          uniq_grinder

Skill      XL: |  1  2  3  4  5  6  7 |
---------------+----------------------+-----
Stealth        | 1 2 |  2.3
Polearms       | 3 4 |  4.2
Armour         | 1 2 |  2.3
Dodging        | 1 2 |  2.0
Fighting       | 4 |  4.2
Throwing       | 1 |  1.0
Spellcasting   | |  1.3
Fire Magic     | |  2.4
Evocations     | |  0.9

Action                     |  1- 3 |  4- 6 |  7- 9 || total
---------------------------+-------+-------+-------++-------
  Melee: Spear             |   152 |   203 |       ||   355
         Punch             |       |     1 |     1 ||     2
         Trident           |       |    50 |    74 ||   124
  Throw: Dart              |       |     1 |       ||     1
 Invoke: Fiery Armour      |     1 |     2 |       ||     3
  Evoke: Wand              |       |       |     1 ||     1
   Stab: Sleeping          |     2 |       |       ||     2
 Armour: Robe              |    19 |       |       ||    19
         Scale mail        |     7 |   142 |    39 ||   188
  Dodge: Dodged            |    54 |   159 |    42 ||   255

Table legend: (Time is in decaauts)
 A = Elapsed time spent in this place.
 B = Non-inter-level travel time spent in this place.
 C = Inter-level travel time spent in this place.
 D = Time resting spent in this place.
 E = Time spent auto-exploring this place.
 F = Levels seen in this place.
 G = Mean time per level.
                   A        B        C        D        E       F      G
               +--------+--------+--------+--------+--------+-----+--------+
         Total |   4010 |   3748 |    262 |    306 |   2459 |   5 |  802.0 |
       Dungeon |   4010 |   3748 |    262 |    306 |   2459 |   5 |  802.0 |
               +--------+--------+--------+--------+--------+-----+--------+

Top non-repeatable levels by time:
     D:1: 1143 daAuts
     D:4: 1065 daAuts
     D:3: 886 daAuts
     D:2: 833 daAuts
     D:5: 81 daAuts
